Fortress
508318689Analyzed3v3 RM
·
11d ago on Sep 21, 2026·
60m 13s·
6 players
Game mode
Random Map
Map size
Large (8 player)
Population
200
Speed
Normal
Resources
Standard
Victory
Conquest
Starting age
Dark Age
Ending age
Imperial Age
RankedLock teamsTeams togetherTeam positionsShared explorationLock speedFull tech treeHidden civsTurbo modeCheats
Victory
Defeat
Replay analysis
JeanMulet
8:58
Feudal Age
9:48
Double-Bit Axe
10:07
Gold Mining
11:10
Wheelbarrow
11:01
Stone Mining
12:12
Scale Barding Armor
12:10
Horse Collar
14:43
Forging
14:24
Fletching
14:34
Padded Archer Armor
14:35
Scale Mail Armor
19:06
Castle Age
18:45
Town Watch
18:50
Loom
22:00
Bow Saw
24:27
Hand Cart
25:19
Stone Shaft Mining
25:02
Heavy Plow
25:12
Town Patrol
26:05
Chain Barding Armor
27:04
Fortified Wall
28:12
Iron Casting
27:40
Pikeman
30:25
Chain Mail Armor
31:51
Murder Holes
32:22
Leather Archer Armor
32:14
Gambesons
33:18
Ballistics
37:41
Imperial Age
42:30
Two-Man Saw
46:33
Elite Conquistador
48:31
Blast Furnace
48:07
Plate Barding Armor
47:15
Light Cavalry
48:08
Bloodlines
48:06
Husbandry
51:03
Hussar
LUC
7:17
Feudal Age
13:05
Castle Age
10:56
Double-Bit Axe
15:31
Bow Saw
16:23
Loom
17:30
Gold Mining
17:32
Stone Mining
23:07
Wheelbarrow
29:53
Imperial Age
27:48
Hand Cart
29:15
Husbandry
29:31
Pikeman
29:59
Cavalier
32:44
Paladin
36:45
Scale Barding Armor
36:51
Forging
37:54
Capped Ram
46:02
Iron Casting
48:30
Light Cavalry
49:43
Chain Barding Armor
59:24
Halberdier
Erickinio
8:04
Feudal Age
8:17
Loom
8:42
Double-Bit Axe
15:04
Castle Age
16:39
Wheelbarrow
18:21
Horse Collar
19:51
Bow Saw
20:14
Gold Mining
21:39
Hand Cart
21:24
Stone Mining
22:29
Stronghold
23:18
Treadmill Crane
23:45
Heavy Plow
25:26
Gold Shaft Mining
25:03
Murder Holes
25:24
Town Watch
25:43
Pikeman
26:08
Gambesons
26:35
Forging
26:26
Scale Mail Armor
27:47
Stone Shaft Mining
31:46
Imperial Age
29:45
Masonry
31:28
Iron Casting
31:08
Chain Mail Armor
32:53
Conscription
33:14
Heavy Scorpion
33:15
Onager
35:10
Furor Celtica
36:14
Siege Onager
37:51
Plate Mail Armor
40:50
Siege Engineers
41:46
Chemistry
41:39
Ballistics
41:30
Fortified Wall
42:17
Halberdier
42:44
Arson
44:02
Blast Furnace
42:32
Man-at-Arms
44:10
Long Swordsman
44:41
Elite Woad Raider
45:48
Fletching
45:59
Padded Archer Armor
46:39
Two-Handed Swordsman
49:53
Bodkin Arrow
SlyScissors443
5:49
Loom
8:02
Feudal Age
8:33
Horse Collar
8:53
Double-Bit Axe
16:01
Castle Age
14:05
Stone Mining
14:46
Gold Mining
17:13
Bow Saw
17:19
Heavy Plow
20:14
Wheelbarrow
19:26
Town Watch
22:53
Stone Shaft Mining
23:01
Gold Shaft Mining
22:17
Treadmill Crane
27:35
Imperial Age
25:41
Hand Cart
25:53
Ballistics
25:34
Fletching
26:23
Bodkin Arrow
27:44
Padded Archer Armor
29:14
Leather Archer Armor
29:15
Elite Fire Archer
30:18
Conscription
30:02
Red Cliffs Tactics
31:49
Chemistry
31:53
Bracer
pjanic1520
6:42
Feudal Age
10:55
Loom
13:43
Castle Age
13:06
Double-Bit Axe
13:13
Gold Mining
13:06
Horse Collar
14:03
Wheelbarrow
13:22
Fletching
19:04
Town Watch
20:42
Elite Skirmisher
20:47
Eagle Warrior
21:28
Squires
25:27
Bow Saw
25:32
Heavy Plow
28:03
Hul'che Javelineers
31:07
Bodkin Arrow
31:13
Padded Archer Armor
33:23
Hand Cart
33:09
Town Patrol
37:25
Imperial Age
37:58
Elite Eagle Warrior
38:11
Capped Ram
38:53
Elite Plumed Archer
40:04
Holcans
39:26
Siege Ram
43:50
Bracer
44:06
Leather Archer Armor
45:26
Forging
45:17
Scale Mail Armor
47:30
Chain Mail Armor
48:10
Iron Casting
48:06
Ring Archer Armor
50:02
Blast Furnace
49:35
Plate Mail Armor
50:06
Ballistics
50:47
Chemistry
plan4itos
6:13
Loom
8:39
Feudal Age
12:18
Castle Age
10:05
Horse Collar
10:14
Double-Bit Axe
14:25
Wheelbarrow
27:35
Imperial Age
26:03
Town Watch
26:54
Wheelbarrow
27:31
Husbandry
26:56
Light Cavalry
27:52
Scale Barding Armor
28:58
Double Crossbow
29:24
Conscription
30:02
Heavy Plow
30:15
Bow Saw
30:34
Chain Barding Armor
31:42
Bloodlines
31:47
Caravan
33:06
Plate Barding Armor
32:43
Forging
32:36
Elite Ballista Elephant
43:20
Ballistics
44:01
Chemistry
49:47
Hussar